 Dungeon Crawl Stone Soup version 0.25-a0-306-g3faca94807 (webtiles) character file.

Game seed: 1133318988665689077, levelgen mode: deterministic

58 Redear the Skirmisher (level 3, -9/29 HPs)
             Began as a Mummy Monk on Dec 21, 2019.
             Killed from afar by Sigmund (15 damage)
             ... with a puff of flame
             ... on level 2 of the Dungeon.
             The game lasted 00:04:10 (3251 turns).

Redear the Skirmisher (Mummy Monk)                  Turns: 3251, Time: 00:04:11

Health: -9/29      AC:  0    Str: 14    XL:     3   Next: 75%
Magic:  3/3        EV: 13    Int:  9    God:
Gold:   51         SH:  4    Dex: 15    Spells: 2/2 levels left

rFire    x . .     SeeInvis .     - Unarmed
rCold    + . .     Gourm    .   b - +0 buckler
rNeg     + + +     Faith    .   (no armour)
rPois    ∞         Spirit   .   (no helmet)
rElec    .         Reflect  .   (no cloak)
rCorr    .         Harm     .   (no gloves)
MR       .....                  (no boots)
Stlth    ++........             (no amulet)
HPRegen  0.09/turn              (no ring)
MPRegen  0.08/turn              (no ring)

@: no status effects
A: no food or potions, fire vulnerability, cold resistance 1, negative energy
resistance 3, torment resistance, unbreathing
a: no special abilities


You were on level 2 of the Dungeon.
You were not hungry.

You visited 1 branch of the dungeon, and saw 2 of its levels.

You collected 51 gold pieces.

Inventory:

Armour
 b - a +0 buckler (worn)
Scrolls
 N - a scroll of remove curse {@r2}


   Skills:
 + Level 3.5 Fighting
 + Level 2.9 Dodging
 - Level 1.5 Stealth
 + Level 1.0 Shields
 + Level 2.9 Unarmed Combat


You had 2 spell levels left.
You didn't know any spells.
Your spell library was empty.

Dungeon Overview and Level Annotations

Branches:
Dungeon (2/15)

Altars:

Annotations:
D:2 Sigmund


Innate Abilities, Weirdness & Mutations

You do not eat or drink.
Your flesh is vulnerable to fire.
You are immune to poison.
Your flesh is cold resistant. (rC+)
You are immune to negative energy. (rN+++)
You are immune to unholy pain and torment.
You can survive without breathing.


Message History

You're too confused to move!
Sigmund gestures wildly while chanting.
Sigmund flickers and vanishes!
Deactivating autopickup; reactivate with Ctrl-A.
Something barely misses you. Something hits you.
You take 4 damage, and have 20/29 hp.
You feel less confused. Something completely misses you.
Things that are here:
a +0 club; a scroll of remove curse {@r2} A puff of flame appears from out of thin air!
The puff of flame hits you! The fire burns you terribly!
Ouch! That really hurt!
* * * LOW HITPOINT WARNING * * *
There is an open door here.
A puff of flame appears from out of thin air!
The puff of flame hits you! The fire burns you terribly!
Ouch! That really hurt!
You die...

######.## #########
#.......#
..>.....###.#.#...#######
.#####.......###........#
.#
##.###.#.#....####.#######
.######.# #.##....##
#.......# .##.....#
#.####..# #######.###
.##<###.# #.......#
#.......# .##.###.#
######@## #.###.#.#
........# ##'## #.# #.#.#
###.##### ##...## #.#
#.#.# #.# ##.....##
#$###...# #.# ##...)...##
#..###..# #.#
###.........####...##..#
#..
..'.........'....!....†.
#.#
###.........##......@..#
#.# ##.......###.##.######


There were no monsters in sight!

Vanquished Creatures
  2 gnolls (D:1)
  A dart slug (D:2)
  2 leopard geckos (D:1)
  3 giant cockroaches (D:1)
  3 hobgoblins
  2 jackals (D:2)
  5 kobolds (D:1)
  2 ball pythons
  5 bats
  2 frilled lizards (D:1)
  5 goblins
  4 rats (D:1)
36 creatures vanquished.

Notes
Turn   | Place    | Note
-------+----------+-------------------------------------------
     0 | D:1      | Redear the Mummy Monk began the quest for the Orb.
     0 | D:1      | Reached XP level 1. HP: 18/18 MP: 1/1
   554 | D:1      | Reached XP level 2. HP: 24/24 MP: 2/2
  1696 | D:2      | Noticed Sigmund
  1738 | D:2      | Reached XP level 3. HP: 26/29 MP: 3/3
  2289 | D:1      | Reached skill level 1 in Shields
  2602 | D:2      | HP: 1/29 [gnoll/+0 flail (5)]
  3251 | D:2      | Killed from afar by Sigmund

Levels and vault maps discovered:
D:1:      dpeg_arrival_oval, layout_basic
D:2:      layout_loops_corners, uniq_sigmund

Skill      XL: |  1  2  3 |
---------------+----------+-----
Shields        | 1 |  1.0
Fighting       | |  3.5
Dodging        | |  2.9
Stealth        | |  1.5
Unarmed Combat | |  2.9

Action                   || total
-------------------------++-------
Melee: Unarmed           ||   163
       Punch             ||     1
  Use: Scroll            ||     2
 Stab: Sleeping          ||     3
Dodge: Dodged            ||    98
Block: Buckler           ||    27

Table legend:
 A = Non-vault XP
 B = Vault XP
 C = Vault XP percentage of total XP
 D = Non-vault monster count
 E = Vault monster count
 F = Vault count percentage of total count
                 A         B        C        D         E       F
            +---------+---------+-------+---------+---------+-------
      Total |      83 |       0 |   0.0 |      36 |       0 |   0.0
            +---------+---------+-------+---------+---------+-------
        D:1 |      68 |       0 |   0.0 |      29 |       0 |   0.0
        D:2 |      15 |       0 |   0.0 |       7 |       0 |   0.0
            +---------+---------+-------+---------+---------+-------
